 Dungeon Crawl Stone Soup version 0.32-a0-433-g08bcfe7efd (webtiles) character file.

Game seed: 2136688937742889122

10682 dialectric the Cleaver (level 11, -2/81 HPs)
             Began as a Coglin Berserker on Feb 22, 2024.
             Was a High Priest of Trog.
             Slain by a +0 halberd of protection (16 damage)
             ... on level 1 of the Elven Halls.
             The game lasted 00:17:51 (9901 turns).

dialectric the Cleaver (Coglin Berserker)           Turns: 9901, Time: 00:17:51

Health: -2/81      AC: 13    Str: 31    XL:     11   Next: 65%
Magic:  11/11      EV: 14    Int:  5    God:    Trog [*****.]
Gold:   766        SH:  0    Dex: 18    Spells: 10/10 levels left

rFire   x . .        F - +3 war axe (drain) {Nomusa}
rCold   . . .        l - +1 short sword (drain) {Mizue}
rNeg    . . .        z - +2 scale mail {Will+}
rPois   .            (no helmet)
rElec   .            (no cloak)
rCorr   .            (no gloves)
SInv    .            c - +0 pair of boots
Will    +....        (no amulet) Stlth
                     E - +6 ring of strength
HPRegen 0.33/turn    y - +6 ring of dexterity
MPRegen 0.12/turn

%: no passive effects
@: immotile, revved
A: off-hand wielding, slow wielding, warmup strikes, legs shutdown, dopey 1,
shaggy fur 1, strong 1, heat vulnerability 1
a: Renounce Religion, Berserk, Trog's Hand, Brothers in Arms


You were on level 1 of the Elven Halls.
You worshipped Trog.
Trog was extremely pleased with you.
You visited 3 branches of the dungeon, and saw 12 of its levels.
You also visited: Sewer.

You collected 1059 gold pieces.
You spent 293 gold pieces at shops.

Inventory:

Hand Weapons
 l - a +1 short sword of draining (offhand) {Mizue}
 p - a +2 dagger of electrocution {Vicente}
 A - a +2 dagger of protection
 F - a +3 war axe of draining (weapon) {Nomusa}
Missiles
 o - 40 poisoned darts (quivered)
Armour
 c - a +0 pair of boots (worn)
 h - a +0 leather armour
 r - a +1 ring mail of poison resistance
 z - a +2 scale mail of willpower (worn)
 G - +0 steam dragon scales
Jewellery
 a - a +6 ring of intelligence
 b - a ring of ice
 e - a ring of protection from fire
 y - a +6 ring of dexterity (right grasper)
 E - a +6 ring of strength (left grasper)
 I - a +6 ring of strength
Wands
 K - a wand of mindburst (4)
 M - a wand of flame (8)
 N - a wand of digging (5)
Scrolls
 d - 3 scrolls of vulnerability
 g - 2 scrolls of immolation {unknown}
 m - a scroll of brand weapon {unknown}
 n - 7 scrolls of teleportation
 q - 2 scrolls of noise {unknown}
 t - 4 scrolls of enchant weapon
 u - 2 scrolls of butterflies {unknown}
 w - 4 scrolls of fog {unknown}
 x - a scroll of blinking
 B - 3 scrolls of fear
 L - a scroll of enchant armour {unknown}
Potions
 f - a potion of invisibility
 i - a potion of enlightenment
 j - a potion of lignification {unknown}
 k - a potion of brilliance
 s - a potion of mutation
 v - 4 potions of haste
 C - 2 potions of magic
 H - a potion of resistance
 J - a potion of ambrosia {unknown}
Miscellaneous
 D - a phantom mirror


   Skills:
 - Level 6.0 Fighting
 - Level 2.0 Short Blades
 + Level 11.4 Axes
 + Level 10.2 Armour
 - Level 7.0 Dodging


You had 10 spell levels left.
You didn't know any spells.
Your spell library was empty.

Dungeon Overview and Level Annotations

Branches:
Dungeon (9/15)             Temple (0/1) D:6             Orc (2/2) D:9
    Elf (1/3) Orc:2         Sewer (visited)
   Lair: D:8-11

Altars:
Dithmenos
Hepliaklqana
Makhleb
Nemelex Xobeh
Okawaru
Qazlal
Ru
Trog
Uskayaw
Xom
Zin
The Shining One

Shops:
D:1 *   Orc:2 (?[?

Annotations:
D:6 Jeremiah
D:7 2 runed translucent doors, exclusion: orange crystal statue
D:8 1 runed translucent door, anacleto's ghost, novice TrSh
Orc:1 Erica


Innate Abilities, Weirdness & Mutations

You can wield a second weapon in your off-hand.
It takes a long time for you to wield or remove held weapons.
Your first few attacks do less damage.
Attacking and casting redirects power from your legs.
You are dopey. (Int -2)
You are covered in fur. (AC +1)
Your muscles are strong. (Str +4, Int/Dex -1)
You are vulnerable to heat. (rF-)


Message History

The kobold blastminer shoots an arrow.
The arrow hits you!
There is a staircase to the Elven Halls here.
The kobold blastminer blasts its cannon at you.
The iron shot misses you.
The kobold blastminer is knocked back by the blast.
You climb downwards.
Welcome to the Elven Halls!
You hear a distant wind.
There is a portal to the Desolation of Salt on this level.
Hurry and find it before the gateway collapses!
Reactivating autopickup.
Found an iron wand.
There is a staircase back to the Mines here.
You see here a wand of digging (5).
N - a wand of digging (5)
You hit the earth elemental but do no damage.
You slash the earth elemental with your +3 war axe of draining!
You hit the earth elemental but do no damage.
The earth elemental is moderately damaged.
You hit the earth elemental with your +3 war axe of draining.
The earth elemental hits you!
You barely miss the earth elemental with your +3 war axe of draining.
The earth elemental is moderately damaged.
You barely miss the earth elemental with your +1 short sword of draining.
The earth elemental hits you but does no damage.
You slash the earth elemental with your +3 war axe of draining!
The earth elemental is heavily damaged.
You hit the earth elemental but do no damage.
The +0 halberd of protection hits you from afar!
Unknown command.
You barely miss the earth elemental with your +1 short sword of draining.
The earth elemental is heavily damaged.
You hit the earth elemental but do no damage.
The +0 halberd of protection hits you from afar!
* * * LOW HITPOINT WARNING * * *
The earth elemental misses you.
Unknown command.
You hit the earth elemental but do no damage.
The earth elemental is heavily damaged.
You hit the earth elemental with your +3 war axe of draining.
The +0 halberd of protection hits you from afar!
You die...

( #....# #.
#....#
#.###....#
#........##
######.....##
.......(....#.#
#..........#
#...<@E....#
#.........##
##.......##
##.....##
##...## #####


You could see an earth elemental and a +0 halberd of protection.

Vanquished Creatures
  Gastronok (Orc:1)
  Fannar (Orc:1)
  3 orc sorcerers
  Maggie (D:6)
  Grinder (D:5)
  Prince Ribbit (D:6)
  A shadow (D:9)
  9 yaks
  3 wargs
  A steam dragon (D:8)
  An acid dragon (D:8)
  A water moccasin (D:5)
  10 orc warriors
  A sky beast (D:6)
  A crocodile (Sewer)
  3 black bears
  A centaur (D:9)
  2 ogres
  5 phantoms
  3 kobold brigands
  4 scorpions
  2 troll zombies (D:9)
  10 killer bees
  4 howler monkeys
  A bullfrog zombie (D:4)
  A centaur zombie (D:4)
  4 hounds (D:5)
  5 jellies
  9 orc priests
  A sleepcap (D:7)
  A centaur skeleton (D:4)
  5 iguanas
  16 orc wizards
  Natasha (twice) (D:2)
  2 scorpion zombies (D:4)
  6 ogre zombies (D:9)
  A hound skeleton (D:4)
  7 gnolls
  A howler monkey skeleton (D:4)
  13 adders
  A river rat (D:6)
  A shadow imp (D:5)
  5 white imps
  An ufetubus (D:5)
  An adder zombie (D:4)
  An adder skeleton (D:4)
  5 dart slugs
  3 ribbon worms
  53 orcs
  8 bats
  14 endoplasms
  A giant cockroach (D:1)
  3 gnoll zombies (D:9)
  7 goblins
  7 hobgoblins
  7 jackals
  32 kobolds
  A quokka (D:2)
  8 ball pythons
  A frilled lizard (D:2)
  5 gnoll skeletons (D:9)
  3 orc skeletons (D:9)
  14 orc zombies (D:9)
  7 rats
334 creatures vanquished.

Notes
Turn   | Place    | Note
-------+----------+-------------------------------------------
     0 | D:1      | dialectric the Coglin Berserker began the quest for the
                  | Orb.
     0 | D:1      | Reached XP level 1. HP: 18/18 MP: 1/1
   250 | D:1      | Reached XP level 2. HP: 16/24 MP: 2/2
   333 | D:1      | Found Aledetej's General Store.
   929 | D:2      | Reached XP level 3. HP: 29/29 MP: 3/3
  1088 | D:2      | Reached ** piety under Trog
  1367 | D:2      | Reached XP level 4. HP: 35/35 MP: 4/4
  1370 | D:2      | Noticed Natasha
  1379 | D:2      | Killed Natasha
  1480 | D:2      | Noticed Natasha
  1493 | D:2      | Killed Natasha
  1555 | D:3      | Reached XP level 5. HP: 41/41 MP: 5/5
  1605 | D:3      | Reached skill level 4 in Axes
  1861 | D:3      | Found a burning altar of Makhleb.
  1905 | D:3      | Found a sacrificial altar of Ru.
  2265 | D:3      | Found a sparkling altar of Nemelex Xobeh.
  2265 | D:3      | Found a shadowy altar of Dithmenos.
  2311 | D:3      | Found a hazy altar of Hepliaklqana.
  2362 | D:3      | Found a stormy altar of Qazlal.
  2524 | D:4      | Noticed an ogre
  2535 | D:3      | Reached XP level 6. HP: 47/47 MP: 6/6
  2598 | D:4      | Noticed a black bear
  2611 | D:4      | Killed a black bear
  2612 | D:4      | Reached skill level 5 in Axes
  2612 | D:4      | Reached XP level 7. HP: 52/52 MP: 7/7
  2664 | D:4      | Reached *** piety under Trog
  2888 | D:4      | Reached XP level 8. HP: 52/58 MP: 8/8
  3138 | D:5      | Entered Level 5 of the Dungeon
  3306 | D:5      | Reached skill level 6 in Axes
  3311 | D:5      | Reached skill level 5 in Armour
  3311 | D:5      | Reached skill level 5 in Dodging
  3572 | D:5      | Noticed Grinder
  3582 | D:5      | Killed Grinder
  3650 | D:5      | Found Zin's Purification Station.
  3654 | D:5      | Found a glowing silver altar of Zin.
  3657 | D:5      | Bought a potion of curing for 90 gold pieces
  3813 | D:5      | Found a shimmering altar of Xom.
  3977 | D:5      | Reached skill level 7 in Axes
  3977 | D:5      | Reached XP level 9. HP: 60/65 MP: 9/9
  4210 | D:5      | Reached **** piety under Trog
  4361 | D:6      | Noticed a +0 short sword
  4361 | D:6      | Noticed a +0 falchion
  4362 | D:6      | Noticed a +0 spear
  4362 | D:6      | Noticed a +0 dagger
  4363 | D:6      | Noticed a +0 spear
  4363 | D:6      | Noticed a +0 short sword
  4363 | D:6      | Noticed a +0 dagger
  4364 | D:6      | Found a hide-covered altar of Uskayaw.
  4364 | D:6      | Noticed a +0 falchion
  4581 | D:6      | Found a glowing drain.
  4597 | Sewer    | Entered a sewer
  4792 | D:6      | Noticed Prince Ribbit
  4815 | D:6      | Killed Prince Ribbit
  4816 | D:6      | Reached skill level 5 in Fighting
  5025 | D:6      | Found a bloodstained altar of Trog.
  5031 | D:6      | Noticed Jeremiah
  5251 | D:6      | Noticed Maggie
  5261 | D:6      | Killed Maggie
  5304 | D:6      | Found a staircase to the Ecumenical Temple.
  5861 | D:7      | Reached skill level 1 in Short Blades
  5970 | D:7      | Gained mutation: You are vulnerable to heat. (rF-) [potion
                  | of mutation]
  5970 | D:7      | Gained mutation: You are dopey. (Int -2) [potion of
                  | mutation]
  5970 | D:7      | Gained mutation: You are covered in fur. (AC +1) [potion of
                  | mutation]
  5970 | D:7      | Gained mutation: Your muscles are strong. (Str +4, Int/Dex
                  | -1) [potion of mutation]
  5989 | D:7      | Found a runed translucent door.
  5995 | D:7      | Found the +10 tower shield of Ignorance {rN+ Int-4}
  6002 | D:7      | Found a runed translucent door.
  6046 | D:7      | Found an iron altar of Okawaru.
  6091 | D:7      | Reached XP level 10. HP: 76/76 MP: 10/10
  6127 | D:7      | Noticed an orange crystal statue
  6239 | D:8      | Reached skill level 8 in Axes
  6328 | D:8      | Found a glowing golden altar of the Shining One.
  6341 | D:8      | Found a runed translucent door.
  6342 | D:8      | Noticed anacleto's ghost (novice TrSh)
  7412 | D:8      | Reached skill level 9 in Axes
  7436 | D:9      | Found a staircase to the Orcish Mines.
  7537 | D:9      | Reached ***** piety under Trog
  8562 | Orc:1    | Entered Level 1 of the Orcish Mines
  8563 | Orc:1    | Noticed an orc sorcerer
  8608 | Orc:1    | Killed an orc sorcerer
  8609 | Orc:1    | Reached skill level 10 in Axes
  8609 | Orc:1    | Reached XP level 11. HP: 81/81 MP: 11/11
  8658 | Orc:1    | Noticed Gastronok
  8996 | Orc:1    | Killed Gastronok
  9136 | Orc:1    | Noticed an orc sorcerer
  9144 | Orc:1    | Killed an orc sorcerer
  9175 | Orc:1    | Noticed Fannar
  9186 | Orc:1    | Killed Fannar
  9187 | Orc:1    | Reached skill level 11 in Axes
  9396 | Orc:2    | Entered Level 2 of the Orcish Mines
  9491 | Orc:2    | Reached skill level 10 in Armour
  9662 | Orc:1    | Noticed Erica
  9821 | Orc:2    | Found Lick's Weapon Emporium.
  9824 | Orc:2    | Found Tovveod's Magic Scroll Boutique.
  9849 | Orc:2    | Noticed an orc sorcerer
  9852 | Orc:2    | Noticed an orc sorcerer
  9852 | Orc:2    | Noticed an orc knight
  9853 | Orc:2    | Noticed an orc knight
  9856 | Orc:2    | Noticed an orc warlord
  9857 | Orc:2    | Killed an orc sorcerer
  9858 | Orc:2    | Found Qomaigar's Magic Scroll Emporium.
  9858 | Orc:2    | Found Tihim's Antique Armour Shoppe.
  9864 | Orc:2    | Found a staircase to the Elven Halls.
  9873 | Orc:2    | Bought a scroll of teleportation for 42 gold pieces
  9873 | Orc:2    | Bought a scroll of blinking for 105 gold pieces
  9873 | Orc:2    | Bought a scroll of fear for 56 gold pieces
  9893 | Elf:1    | Entered Level 1 of the Elven Halls
  9893 | Elf:1    | Noticed a +0 halberd of protection
  9901 | Elf:1    | Slain by a +0 halberd of protection

Illustrated notes

Levels and vault maps discovered:
D:1:      dpeg_arrival_lava_altar, layout_basic, serial_shops, shop,
          serial_forest, infiniplex_forest_clump_medium,
          infiniplex_forest_clump_curved, infiniplex_forest_clump_double,
          infiniplex_forest_clump_double, infiniplex_forest_end_3,
          infiniplex_forest_clump_tiny, infiniplex_forest_end_2,
          infiniplex_forest_clump_medium, infiniplex_forest_clump_double,
          minmay_split_cup_small
D:2:      layout_loops_ring, minmay_misc_feat_cross, uniq_natasha
D:3:      layout_basic, lightli_temple_of_fire, mainiacjoe_overflow_paths,
          mainiacjoe_overflow_swirl, gammafunk_temple_overflow_pools
D:4:      layout_rooms, serial_undead, serial_undead_a, serial_undead_a,
          serial_undead_e, serial_undead_a, chequers_serial_rivers_micro_d
D:5:      minmay_evil_eye, layout_gridville, zin_purify,
          mainiacjoe_overflow_alcove_2, minmay_checkerbox, uniq_grinder
D:6:      layout_layer_cave, nicolae_uskayaw_en_pointe,
          nicolae_overflow_crystal_walls, minmay_temple_entry_junction_2,
          lightli_sewer_entry_pipes, uniq_jeremiah, uniq_maggie,
          uniq_prince_ribbit1
D:7:      layout_loops_cross, general_overflow_altar, minmay_misc_feat_square,
          chequers_guarded_unrand_ignorance, uniq_pikel
D:8:      layout_layer_cave, tso_oasis_becter, gammafunk_ghost_grave
D:9:      layout_small_grid, zombieorc2_lemuel,
          hangedman_abyss_or_decor_lesser_grid
Orc:1:    layout_diamond_mine, uniq_gastronok, uniq_erica, uniq_fannar
Orc:2:    st_orc_congregation, layout_diamond_mine, serial_shops, shop,
          nicolae_shop_pleasant_corner_grove, shop, shop
Elf:1:    layout_loops_ring, portal_desolation_entry_holy_temple,
          minmay_elf_demonology

Skill      XL: |  1  2  3  4  5  6  7  8  9 10 11 |
---------------+----------------------------------+-----
Armour         | 2 3 4 5 6 9 10 | 10.2
Dodging        | 2 3 4 5 6 7 |  7.0
Axes           | 4 5 7 10 11 | 11.4
Fighting       | 4 6 |  6.0
Short Blades   | 1 2 |  2.0

Action                     |  1- 3 |  4- 6 |  7- 9 | 10-12 || total
---------------------------+-------+-------+-------+-------++-------
  Melee: Hand axe          |    88 |    74 |   263 |       ||   425
         Dagger            |    40 |    79 |    63 |       ||   182
         Short sword       |       |       |   232 |   276 ||   508
         War axe           |       |       |    39 |   307 ||   346
  Throw: Dart              |       |       |     5 |       ||     5
 Invoke: Berserk           |       |     3 |     7 |     9 ||    19
  Evoke: Phantom mirror    |       |       |     1 |       ||     1
    Use: Scroll            |       |     4 |     7 |     4 ||    15
         Potion            |       |       |     1 |     6 ||     7
   Stab: Invisible         |       |       |       |     1 ||     1
 Armour: Animal skin       |     8 |       |       |       ||     8
         Leather armour    |    19 |       |       |       ||    19
         Ring mail         |    15 |    50 |   119 |       ||   184
         Scale mail        |       |       |   113 |   234 ||   347
  Dodge: Dodged            |    62 |    54 |   222 |   209 ||   547

Table legend: (Time is in decaauts)
 A = Elapsed time spent in this place.
 B = Non-inter-level travel time spent in this place.
 C = Inter-level travel time spent in this place.
 D = Time resting spent in this place.
 E = Time spent auto-exploring this place.
 F = Levels seen in this place.
 G = Mean time per level.
                   A        B        C        D        E       F      G
               +--------+--------+--------+--------+--------+-----+--------+
         Total |  10107 |   9806 |    301 |    479 |   6701 |  13 |  777.5 |
       Dungeon |   8957 |   8657 |    300 |    479 |   5973 |   9 |  995.2 |
  Orcish Mines |    999 |    999 |      0 |      0 |    654 |   2 |  499.5 |
   Elven Halls |      7 |      7 |      0 |      0 |      0 |   1 |    7.0 |
         Sewer |    142 |    142 |      0 |      0 |     73 |   1 |  142.0 |
               +--------+--------+--------+--------+--------+-----+--------+

Top non-repeatable levels by time:
     D:9: 1560 daAuts
     D:5: 1276 daAuts
     D:6: 1274 daAuts
     D:8: 1259 daAuts
     D:3: 1102 daAuts
     D:1: 892 daAuts
     D:2: 614 daAuts
     D:4: 573 daAuts
   Orc:1: 522 daAuts
   Orc:2: 477 daAuts
     D:7: 403 daAuts
   Sewer: 142 daAuts
   Elf:1: 7 daAuts
